 Dungeon Crawl Stone Soup version 0.27-a0-1548-gf8a67e7463 (webtiles) character file.

Game seed: 5289247195654281757

35 Morbidden the Sneak (level 3, -1/27 HPs)
             Began as a Demonspawn Brigand on July 14, 2021.
             Succumbed to an adder's poison
             ... on level 2 of the Dungeon.
             The game lasted 00:00:38 (498 turns).

Morbidden the Sneak (Demonspawn Brigand)             Turns: 498, Time: 00:00:38

Health: -1/27      AC:  3    Str: 11    XL:     3   Next: 16%
Magic:  3/3        EV: 11    Int: 13    God:
Gold:   10         SH:  0    Dex: 16    Spells: 2/2 levels left

rFire    . . .     SeeInvis .   a - +2 dagger
rCold    . . .     Faith    .   (no shield)
rNeg     . . .     Spirit   .   b - +0 robe
rPois    .         Reflect  .   (no helmet)
rElec    .         Harm     .   c - +0 cloak
rCorr    .         Rampage  .   (no gloves)
Will     .....                  (no boots)
Stlth    ++++......             (no amulet)
HPRegen  0.09/turn              (no ring)
MPRegen  0.08/turn              (no ring)

@: lethally poisoned (-1 -> -8)
A: thin skeletal structure 1, powered by pain 1
a: no special abilities


You were on level 2 of the Dungeon.
You visited 1 branch of the dungeon, and saw 2 of its levels.

You collected 10 gold pieces.

Inventory:

Hand Weapons
 a - a +2 dagger (weapon)
Missiles
 d - 2 poisoned darts (quivered)
 e - 2 curare-tipped darts
 g - 7 boomerangs of dispersal
Armour
 b - a +0 robe (worn)
 c - a +0 cloak (worn)


   Skills:
 + Level 2.2 Fighting
 + Level 2.0 Short Blades
 + Level 1.9 Throwing
 + Level 0.9 Dodging
 + Level 4.4 Stealth


You had 2 spell levels left.
You didn't know any spells.
Your spell library was empty.

Dungeon Overview and Level Annotations

Branches:
Dungeon (1/15)

Altars:


Innate Abilities, Weirdness & Mutations

You have a somewhat thin skeletal structure. (Dex +2, Stealth+)
You sometimes gain a little power by taking damage.


Message History

The kobold is moderately wounded.
You feel sick.
You kill the kobold!
The adder barely misses you.
Unknown command.
Throw: 6 darts (poison)
Press: ? - help, Q - select action, (/) - cycle Shift-Dir - straight line, f/p - adder
Aim: an adder (heavily wounded, 42% to hit)
You throw a poisoned dart. The poisoned dart misses the adder.
You feel sick. The adder barely misses you.
Unknown command.
Throw: 5 darts (poison)
Press: ? - help, Q - select action, (/) - cycle Shift-Dir - straight line, f/p - adder
Aim: an adder (heavily wounded, 42% to hit)
You throw a poisoned dart.
The poisoned dart closely misses the adder.
The adder bites you but does no damage.
Throw: 4 darts (poison)
Press: ? - help, Q - select action, (/) - cycle Shift-Dir - straight line, f/p - adder
Aim: an adder (heavily wounded, 42% to hit)
You throw a poisoned dart.
The poisoned dart barely misses the adder.
You feel sick. The adder bites you.
* * * LOW HITPOINT WARNING * * *
Throw: 3 darts (poison)
Press: ? - help, Q - select action, (/) - cycle Shift-Dir - straight line, f/p - adder
Aim: an adder (heavily wounded, 42% to hit)
You throw a poisoned dart.
The poisoned dart closely misses the adder.
You feel sick.
You are no longer poisoned.
The adder bites you.
* * * LOW HITPOINT WARNING * * *
You are lethally poisoned!
The adder poisons you!
Unknown command.
Unknown command.
Unknown command.
It was a potion of magic.
Magic courses through your body.
You die...

#.#
#.)#.#
.......
#.#
##.#.#
8......
#.# ...#
#......
#.# #..#
......
#.# ..#
#.... #.#
#.... #.#
#
#....##.#
.
#(.(.S@.#
#
#..######
# #.. # #
# # # # #
#


You could see an adder.

Vanquished Creatures
  2 adders (D:2)
  A dart slug (D:2)
  3 ball pythons
  2 endoplasms
  A giant cockroach (D:1)
  2 goblins
  2 frilled lizards
  2 kobolds (D:2)
  A rat (D:1)
16 creatures vanquished.

Notes
Turn   | Place    | Note
-------+----------+-------------------------------------------
     0 | D:1      | Morbidden the Demonspawn Brigand began the quest for the
                  | Orb.
     0 | D:1      | Reached XP level 1. HP: 16/16 MP: 1/1
   215 | D:1      | You fall into a shaft and drop 1 floor!
   217 | D:2      | Gained mutation: You sometimes gain a little power by
                  | taking damage. [demonic ancestry]
   217 | D:2      | Reached XP level 2. HP: 22/22 MP: 2/2
   242 | D:2      | Reached skill level 4 in Stealth
   468 | D:2      | Gained mutation: You have a somewhat thin skeletal
                  | structure. (Dex +2, Stealth+) [demonic ancestry]
   468 | D:2      | Reached XP level 3. HP: 27/27 MP: 3/3
   497 | D:2      | HP: 1/27 [adder (3)]
   498 | D:2      | Succumbed to an adder's poison

Illustrated notes

Levels and vault maps discovered:
D:1:      dpeg_arrival_radiant, layout_basic
D:2:      layout_basic, dreamdust_ecumenical_altar_angels_and_demons

Skill      XL: |  1  2 |
---------------+-------+-----
Short Blades   | 2 |  2.0
Stealth        | 4 |  4.4
Fighting       | |  2.2
Throwing       | |  1.9
Dodging        | |  0.9

Action                   || total
-------------------------++-------
Melee: Dagger            ||    34
Throw: Dart              ||     6
  Use: Potion            ||     1
 Stab: Sleeping          ||     9
Armor: Robe              ||     4
Dodge: Dodged            ||    13

Table legend: (Time is in decaauts)
 A = Elapsed time spent in this place.
 B = Non-inter-level travel time spent in this place.
 C = Inter-level travel time spent in this place.
 D = Time resting spent in this place.
 E = Time spent auto-exploring this place.
 F = Levels seen in this place.
 G = Mean time per level.
                   A        B        C        D        E       F      G
               +--------+--------+--------+--------+--------+-----+--------+
         Total |    494 |    494 |      0 |      0 |    391 |   2 |  247.0 |
       Dungeon |    494 |    494 |      0 |      0 |    391 |   2 |  247.0 |
               +--------+--------+--------+--------+--------+-----+--------+

Top non-repeatable levels by time:
     D:2: 280 daAuts
     D:1: 213 daAuts
